 Dungeon Crawl Stone Soup version 0.20.1-1-g8b1a95d (webtiles) character file.

1833 Lorindel the Magician (level 8, -3/58 HPs)
             Began as a Mummy Wizard on July 19, 2017.
             Was a Follower of Sif Muna.
             Killed from afar by a guardian golem (14 damage)
             ... with an exploding inner flame
             ... summoned by the player character
             ... on level 7 of the Dungeon.
             The game lasted 01:23:54 (10699 turns).

Lorindel the Magician (Mummy Wizard)               Turns: 10699, Time: 01:23:54

Health: -3/58      AC:  5    Str: 11    XL:     8   Next: 86%
Magic:  10/26      EV: 13    Int: 19    God:    Sif Muna [*.....]
Gold:   134        SH:  0    Dex: 10    Spells: 3/19 levels left

rFire    + . .     SeeInvis .   g - staff of fire
rCold    + . .     Gourm    .   (no shield)
rNeg     + + +     Faith    .   a - +0 robe
rPois    ∞         Spirit   .   b - +0 hat
rElec    .         Reflect  .   f - +1 cloak
rCorr    .         Harm     .   (no gloves)
MR       +....                  u - +0 pair of boots
Stlth    ++........             (no amulet)
Regen    0.2/turn               x - ring of protection from fire
MPRegen  0.2/turn               v - ring of magical power

@: divine energy
A: no food or potions, fire vulnerability, cold resistance 1, negative energy
resistance 3, torment resistance, unbreathing
a: Stop Divine Energy, Renounce Religion


You were on level 7 of the Dungeon.
You worshipped Sif Muna.
Sif Muna was aware of your devotion.
You were not hungry.

You visited 1 branch of the dungeon, and saw 7 of its levels.

You collected 464 gold pieces.
You spent 330 gold pieces at shops.

Inventory:

Hand Weapons
 e - a +3 dagger of venom
 r - a +0 mace of draining
 s - a +0 falchion of freezing
 t - a +0 trident
 y - a +3 dagger
 D - the cursed +14 obsidian axe {chop, +Fly SInv *Curse}
   (You found it on level 5 of the Dungeon)

   It inflicts extra damage upon your enemies.
   It lets you see invisible.
   It lets you fly.
   It curses itself when equipped.
   It has a curse placed upon it.
 F - a +0 shortbow
 J - a +0 longbow
Missiles
 j - 90 arrows
 k - 47 poisoned needles
 m - 5 needles of confusion
 p - 77 bolts
Armour
 a - a +0 robe (worn)
 b - a +0 hat (worn)
 f - a +1 cloak (worn)
 u - a +0 pair of boots (worn)
 w - a +0 robe
 I - a +0 pair of boots
Magical Staves
 g - an uncursed staff of fire (weapon)
Jewellery
 o - an uncursed amulet of rage
 v - a ring of magical power (right hand)
 x - a ring of protection from fire (left hand)
 E - a +2 ring of intelligence {unknown}
Wands
 d - a wand of paralysis (4/24)
 h - a wand of disintegration (14/24)
 n - a wand of flame (31/48)
 q - a wand of random effects (20/48)
Scrolls
 l - a scroll of blinking
 z - a scroll of fog
 A - a scroll of teleportation
 B - 2 scrolls of magic mapping
 C - 2 scrolls of fear
 G - a scroll of enchant weapon
 H - a scroll of enchant armour
Books
 c - a book of Minor Magic

   Spells                             Type                      Level
   a - Magic Dart                     Conjuration                  1
   b - Blink                          Translocation                2
   c - Call Imp                       Summoning                    2
   d - Slow                           Hexes                        2
   e - Conjure Flame                  Conjuration/Fire             3
   f - Mephitic Cloud                 Conjuration/Poison/Air       3
 i - a book of Callings

   Spells                             Type                      Level
   a - Summon Small Mammal            Summoning                    1
   b - Call Imp                       Summoning                    2
   c - Call Canine Familiar           Summoning                    3
   d - Summon Guardian Golem          Hexes/Summoning              3
   e - Summon Lightning Spire         Summoning/Air                4
   f - Summon Ice Beast               Ice/Summoning                4


   Skills:
 + Level 3.1 Fighting
 + Level 1.2 Staves
 + Level 3.2 Dodging
 + Level 3.4 Stealth
 + Level 6.1 Spellcasting
 + Level 2.3 Conjurations
 + Level 2.4 Hexes
 * Level 3.0 Summonings
 + Level 2.4 Translocations
 + Level 2.1 Fire Magic
 + Level 2.0 Air Magic
 + Level 2.1 Poison Magic
 + Level 1.1 Invocations
 + Level 2.0 Evocations


You had 3 spell levels left.
You knew the following spells:

 Your Spells              Type           Power        Failure   Level  Hunger
a - Magic Dart            Conj           ##..         4%          1    N/A
b - Call Imp              Summ           ###.....     4%          2    N/A
c - Blink                 Tloc           N/A          6%          2    N/A
d - Slow                  Hex            ###.....     6%          2    N/A
e - Mephitic Cloud        Conj/Pois/Air  ##......     14%         3    N/A
f - Conjure Flame         Conj/Fire      ###.....     13%         3    N/A
g - Summon Guardian Gole  Hex/Summ       ###.....     11%         3    N/A

Dungeon Overview and Level Annotations

Branches:
Dungeon (7/15)             Temple (0/1) D:7

Altars:
Ashenzari
Dithmenos
Elyvilon
Gozag
Kikubaaqudgha
Makhleb
Nemelex Xobeh
Sif Muna
Uskayaw
Vehumet
Yredelemnul

Shops:
D:5 [:

Annotations:
D:7 Joseph


Innate Abilities, Weirdness & Mutations

You do not eat or drink.
Your flesh is vulnerable to fire.
You are immune to poison.
Your flesh is cold resistant. (rC+)
You are immune to negative energy. (rN+++)
You are immune to unholy pain and torment.
You can survive without breathing.


Message History

The hound zombie bites you.
* * * LOW HITPOINT WARNING * * *
Your magical contamination has completely faded away.
Casting: Blink
Confirm with . or Enter, or press ? or * to list all spells.
A shadowy apparition takes form in the air.
Your crimson imp blinks!
The hound zombie bites you but does no damage.
Casting: Call Imp
Confirm with . or Enter, or press ? or * to list all spells.
A beastly little devil appears in a puff of flame.
The hound zombie bites you but does no damage.
Joseph shoots a sling bullet.
The sling bullet hits your guardian golem!
Your guardian golem explodes!
The fiery explosion engulfs the hound zombie.
The hound zombie is destroyed!
Sif Muna accepts your kill. The fiery explosion engulfs you! You resist.
You die...

#..@......#.# #<##.# ......# #.#
#.##.# #....#.#.# ###.##.# #
#(#.#.#.####...##.#
#.##.(...#...........##
#..(.(.###...%.%......#
#######..###.##§........## #
#..!......@.§§§§.........# ##
#.###........##@5........######.
##.###.#.(#...##.................
##...†........#..5....###.######.
##.##.....#............##.....%..
##.##..#.##.........<..##########
##.##..#.##............#
#..##.................##
.#.#...####.#.##......# ###....(.
#. ##...#.#


You could see Joseph, a friendly crimson imp and a friendly shadow imp.

Vanquished Creatures
  An ice beast (D:6)
  An ogre (D:4)
  A centaur (D:6)
  A howler monkey (D:4)
  2 crimson imps
  An orc priest (D:4)
  An orc wizard (D:4)
  A bullfrog skeleton (D:5)
  A centaur skeleton (D:6)
  Natasha (D:3)
  An iguana (D:4)
  3 worker ants
  A hound skeleton (D:4)
  A gnoll (D:4)
  6 adders
  A worm (D:4)
  3 dart slugs
  2 leopard geckos
  11 orcs
  2 ball pythons
  3 giant cockroaches
  2 goblins
  10 hobgoblins
  2 jackals (D:2)
  3 kobolds
  5 quokkas
  5 bats
  4 frilled lizards
  A leopard gecko skeleton (D:4)
  A quokka skeleton (D:4)
  7 rats
85 creatures vanquished.

Vanquished Creatures (collateral kills)
  A two-headed ogre (D:4)
  2 sky beasts
  An ice beast (D:7)
  A centaur (D:6)
  3 bullfrogs
  A killer bee (D:6)
  A hound (D:2)
  A bullfrog skeleton (D:5)
  An orc priest (D:4)
  6 orc wizards
  Natasha (twice) (D:3)
  2 worker ants (D:4)
  A hound zombie (D:7)
  11 adders
  2 gnolls (D:4)
  An ooze (D:6)
  2 worms (D:2)
  A leopard gecko (D:3)
  19 orcs
  A bat (D:3)
  3 giant cockroaches
  2 hobgoblins (D:2)
  2 jackals (D:2)
  2 quokkas
  A ball python (D:1)
  2 frilled lizards
  4 kobolds
  2 rats
78 creatures vanquished.

Grand Total: 163 creatures vanquished

Notes
Turn   | Place    | Note
-------+----------+-------------------------------------------
     0 | D:1      | Lorindel the Mummy Wizard began the quest for the Orb.
     0 | D:1      | Reached XP level 1. HP: 13/13 MP: 5/5
   337 | D:1      | Reached XP level 2. HP: 20/20 MP: 4/7
   399 | D:1      | Learned a level 2 spell: Call Imp
   402 | D:1      | Learned a level 2 spell: Blink
   405 | D:1      | Learned a level 2 spell: Slow
  1136 | D:1      | Reached skill level 1 in Translocations
  1666 | D:2      | Reached skill level 1 in Summonings
  1666 | D:2      | Reached XP level 3. HP: 25/25 MP: 3/9
  1724 | D:2      | Reached skill level 1 in Conjurations
  1925 | D:2      | Reached skill level 5 in Spellcasting
  1949 | D:2      | Learned a level 3 spell: Mephitic Cloud
  2232 | D:2      | Reached XP level 4. HP: 8/31 MP: 1/11
  2237 | D:2      | Learned a level 3 spell: Conjure Flame
  2813 | D:2      | Found a burning altar of Makhleb.
  2823 | D:2      | Reached skill level 1 in Fighting
  3625 | D:3      | Noticed Natasha
  3652 | D:3      | Killed Natasha
  3652 | D:3      | Reached skill level 1 in Hexes
  3652 | D:3      | Reached XP level 5. HP: 36/37 MP: 1/12
  3860 | D:3      | Noticed Natasha
  3875 | D:3      | Killed Natasha
  3942 | D:3      | Noticed Natasha
  3952 | D:3      | Killed Natasha
  4159 | D:3      | Found a shattered altar of Ashenzari.
  4160 | D:3      | Found a basalt altar of Yredelemnul.
  4173 | D:3      | Found an ancient bone altar of Kikubaaqudgha.
  4176 | D:3      | Found a sparkling altar of Nemelex Xobeh.
  4463 | D:4      | Noticed an ogre
  4485 | D:4      | Killed an ogre
  4815 | D:4      | Reached XP level 6. HP: 23/44 MP: 1/13
  5793 | D:4      | Reached skill level 1 in Poison Magic
  6158 | D:4      | Reached skill level 1 in Fire Magic
  6165 | D:4      | Noticed a two-headed ogre
  6172 | D:4      | Reached XP level 7. HP: 17/50 MP: 13/15
  6183 | D:4      | Killed a two-headed ogre
  6183 | D:4      | Reached skill level 1 in Air Magic
  6183 | D:4      | Reached skill level 1 in Evocations
  6190 | D:4      | Reached XP level 8. HP: 23/57 MP: 7/16
  6646 | D:5      | Entered Level 5 of the Dungeon
  6657 | D:5      | Found a radiant altar of Vehumet.
  6699 | D:5      | Found Pyzah's Book Boutique.
  7130 | D:5      | Found Qitodiy's Antique Armour Boutique.
  7241 | D:5      | Reached skill level 6 in Spellcasting
  7383 | D:5      | Found a deep blue altar of Sif Muna.
  7387 | D:5      | Became a worshipper of Sif Muna the Loreminder
  7462 | D:5      | Found a hide-covered altar of Uskayaw.
  7462 | D:5      | Found a shadowy altar of Dithmenos.
  7467 | D:5      | Found a faded altar of an unknown god.
  7469 | D:5      | Found a white marble altar of Elyvilon.
  7470 | D:5      | Found an opulent altar of Gozag.
  7885 | D:5      | Bought a book of Callings for 330 gold pieces
  7889 | D:5      | Learned a level 3 spell: Summon Guardian Golem
  8845 | D:6      | Reached skill level 1 in Staves
  9055 | D:6      | Reached skill level 1 in Invocations
 10295 | D:7      | Reached * piety under Sif Muna
 10542 | D:7      | Found a staircase to the Ecumenical Temple.
 10667 | D:7      | Noticed Joseph
 10699 | D:7      | Killed from afar by a guardian golem

Skill      XL: |  1  2  3  4  5  6  7  8 |
---------------+-------------------------+-----
Translocations | 1 2 |  2.4
Summonings     | 1 2 3 |  3.0
Conjurations   | 1 2 |  2.3
Spellcasting   | 5 6 |  6.1
Dodging        | 2 3 |  3.2
Fighting       | 1 2 3 |  3.1
Stealth        | 2 3 |  3.4
Hexes          | 1 2 |  2.4
Poison Magic   | 1 2 |  2.1
Fire Magic     | 1 2 |  2.1
Air Magic      | 1 2 |  2.0
Evocations     | 1 2 |  2.0
Staves         | 1 |  1.2
Invocations    | 1 |  1.1

Action                   |  1- 3 |  4- 6 |  7- 9 || total
-------------------------+-------+-------+-------++-------
Melee: Unarmed           |     2 |       |       ||     2
       Whip              |    61 |    52 |       ||   113
       Falchion          |       |    16 |       ||    16
       Dagger            |       |    35 |     7 ||    42
       Mace              |       |    18 |       ||    18
       Staff             |       |       |   152 ||   152
 Cast: Magic Dart        |    55 |    23 |    47 ||   125
       Call Imp          |    13 |    80 |    60 ||   153
       Slow              |     6 |    13 |     9 ||    28
       Mephitic Cloud    |       |     2 |     7 ||     9
       Blink             |       |     2 |     2 ||     4
       Summon Guardian G |       |       |    17 ||    17
       Conjure Flame     |       |       |     2 ||     2
Invok: Divine Energy     |       |       |     1 ||     1
Evoke: Wand              |       |     1 |     1 ||     2
  Use: Scroll            |     5 |     9 |     4 ||    18
 Stab: Paralysed         |       |     3 |     3 ||     6
       Sleeping          |       |     5 |     1 ||     6
       Confused          |       |       |     2 ||     2
       Distracted        |       |       |     1 ||     1
Armor: Robe              |    19 |    16 |    47 ||    82
Dodge: Dodged            |    44 |    90 |   116 ||   250
       Rpst.: Falchion   |       |     5 |       ||     5
